 Dungeon Crawl Stone Soup version 0.31-a0-204-g7da18cac08 (webtiles) character file.

Game seed: 909011004818408516

39 qw the Shooter (level 3, 0/20 HPs)
             Began as a Deep Elf Hunter on June 27, 2023.
             Succumbed to their own poison gas
             ... on level 1 of the Dungeon.
             The game lasted 00:00:21 (645 turns).

qw the Shooter (Deep Elf Hunter)                     Turns: 645, Time: 00:00:22

Health: 0/20       AC:  3    Str: 10    XL:     3   Next: 28%
Magic:  5/5        EV: 12    Int: 13    God:
Gold:   88         SH:  0    Dex: 18    Spells: 2/2 levels left

rFire   . . .        Y - +1 shortbow
rCold   . . .        (shield currently unavailable)
rNeg    . . .        c - +0 leather armour
rPois   .            (no helmet)
rElec   .            (no cloak)
rCorr   .            (no gloves)
SInv    .            (no boots)
Will    .....        (no amulet)
Stlth   ++           (no ring)
HPRegen 0.23/turn    (no ring)
MPRegen 0.09/turn

%: no passive effects
@: lethally poisoned (0 -> -8)
A: no striking features
a: no special abilities


You were on level 1 of the Dungeon.
You visited 1 branch of the dungeon, and saw 1 of its levels.

You collected 88 gold pieces.


   Skills:
 - Level 1.5 Fighting
 + Level 6.9 Ranged Weapons
 - Level 2.4 Dodging
 - Level 1.2 Stealth


You had 2 spell levels left.
You didn't know any spells.
Your spell library was empty.

Inventory:

Hand Weapons
 Y - a +1 shortbow (weapon)
Armour
 c - a +0 leather armour (worn)
Potions
 f - a potion of resistance {unknown}
 g - a potion of invisibility {unknown}
 h - a potion of brilliance {unknown}
 j - a potion of attraction {unknown}

Dungeon Overview and Level Annotations

Branches:
Dungeon (1/15)

Altars:


Message History

Are you sure you want to cancel this blink?
As you read the scroll labelled FOUQETI ZEAJ, it crumbles to dust.
It was a scroll of blinking.
Done exploring.
639 ||| READING scroll labelled XUEPIA QOWE.
As you read the scroll labelled XUEPIA QOWE, it crumbles to dust.
It is a scroll of enchant weapon.
Your +0 shortbow glows red for a moment.
Done exploring.
640 ||| DROPPING scroll of butterflies.
You drop a scroll of butterflies.
Done exploring.
(D) Dungeon
Where to? (* - list waypoints, ? - help)
What level of the Dungeon? (default 1, ? - help) Sorry, I don't know how to get there.
Enter note:
Enter note:
Enter note:
Enter note:
Enter note:
Enter note:
Enter note:
Enter note:
Enter note:
Enter note:
Enter note:
Enter note: Really walk into that cloud of poison gas?
You are engulfed in poison gas.
You are lethally poisoned!
You feel very sick.
642 ||| Stepping ~*~*~tactically~*~*~ (cloud).
You feel very sick.
You see here a scroll of butterflies.
There is a lethal amount of poison in your body!
You feel very sick.
There is a lethal amount of poison in your body!
You feel sick.
There is a lethal amount of poison in your body!
You die...

##........##
#.........#.
#######.......#.
#.....#.......#.
###¤###'#.......##
#¤¤.~¤~..........#
#¤#######.........
#0## #..........
#@0######.....##..
##0¤¤.........####
######.......#
#.......# ##
#.......###.
#...........
#.......####
#.......#
#.......#


There were no monsters in sight!

Vanquished Creatures
  A dart slug (D:1)
  5 endoplasms (D:1)
  3 goblins (D:1)
  4 hobgoblins (D:1)
  4 jackals (D:1)
  2 kobolds (D:1)
  2 quokkas (D:1)
  2 ball pythons (D:1)
  3 bats (D:1)
  2 frilled lizards (D:1)
  5 rats (D:1)
33 creatures vanquished.

Notes
Turn   | Place    | Note
-------+----------+-------------------------------------------
     0 | D:1      | qw the Deep Elf Hunter began the quest for the Orb.
     0 | D:1      | Reached XP level 1. HP: 12/12 MP: 3/3
     0 | D:1      | 0 ||| qw: Version: 0.3-a-22-g0ed2b0b
     0 | D:1      | 0 ||| qw: Game counter: 6395
     0 | D:1      | 0 ||| qw: Melee chars always use a shield: true
     0 | D:1      | 0 ||| qw: God list: Okawaru
     0 | D:1      | 0 ||| qw: Allow faded altars: false
     0 | D:1      | 0 ||| qw: Do Orc after clearing Dungeon:15 true
     0 | D:1      | 0 ||| qw: Do second Lair branch before Depths: true
     0 | D:1      | 0 ||| qw: Lair rune preference: random
     0 | D:1      | 0 ||| qw: Goals: Normal
     0 | D:1      | 0 ||| PLANNING D:1-11
   108 | D:1      | Reached XP level 2. HP: 16/16 MP: 4/4
   126 | D:1      | Reached skill level 6 in Ranged Weapons
   191 | D:1      | Found a faded altar of an unknown god.
   326 | D:1      | Reached XP level 3. HP: 20/20 MP: 5/5
   347 | D:1      | 347 ||| Stepping ~*~*~tactically~*~*~ (outnumbered).
   358 | D:1      | HP: 4/20 [jackal (3)]
   371 | D:1      | HP: 4/20 [hobgoblin (3)]
   637 | D:1      | 637 ||| READING scroll labelled QITUCE RARELER.
   638 | D:1      | 638 ||| READING scroll labelled FOUQETI ZEAJ.
   639 | D:1      | 639 ||| READING scroll labelled XUEPIA QOWE.
   640 | D:1      | 640 ||| DROPPING scroll of butterflies.
   642 | D:1      | 642 ||| Stepping ~*~*~tactically~*~*~ (cloud).
   643 | D:1      | HP: 3/20 [poisoned by you (poison gas)]
   645 | D:1      | Succumbed to their own poison gas

Levels and vault maps discovered:
D:1:      dpeg_arrival_three_same_balls, layout_rooms, basic_ecumenical_altar,
          nrook_mini_backslash, corexii_corridor_pit, st_stairs_1,
          amcnicky_mini_pool_small

Skill      XL: |  1  2 |
---------------+-------+-----
Ranged Weapons | 6 |  6.9
Fighting       | |  1.5
Dodging        | |  2.4
Stealth        | |  1.2

Action                     || total
---------------------------++-------
   Fire: Shortbow          ||    84
    Use: Scroll            ||     3
 Armour: Leather armour    ||    15
  Dodge: Dodged            ||    35

Table legend:
 A = Non-vault XP
 B = Vault XP
 C = Vault XP percentage of total XP
 D = Non-vault monster count
 E = Vault monster count
 F = Vault count percentage of total count
                 A         B        C        D         E       F
            +---------+---------+-------+---------+---------+-------
      Total |      54 |       3 |   5.3 |      31 |       2 |   6.1
            +---------+---------+-------+---------+---------+-------
        D:1 |      54 |       3 |   5.3 |      31 |       2 |   6.1
            +---------+---------+-------+---------+---------+-------
